 Dungeon Crawl Stone Soup version 0.18-a0-1774-gce1f7b6 (webtiles) character file.

114583 epen the Carver (level 16, -10/132 HPs)
             Began as a Naga Gladiator on Apr 15, 2016.
             Was a High Priest of Okawaru.
             Killed from afar by Roxanne (29 damage)
             ... with a bolt of magma
             ... on level 2 of the Swamp.
             The game lasted 01:42:23 (37132 turns).

epen the Carver (Naga Gladiator)                   Turns: 37132, Time: 01:42:24

Health: -10/132    AC: 36    Str: 20 (21) XL:     16   Next: 66%
Magic:  19/26      EV: 17    Int: 11 (12) God:    Okawaru [*****.]
Gold:   1176       SH: 14    Dex: 22 (23) Spells: 0 memorised, 15 levels left

rFire  + . .     SeeInvis +     T - +5 demon blade (flame)
rCold  + + +     Gourm    .     J - +1 chain mail "Higig" {*Contam rC+++ Dex+4 SInv} (curse)
rNeg   . . .     Faith    +     Z - +1 shield {AC+3}
rPois  +         Spirit   .     Y - +2 hat {MR+}
rElec  .         Dismiss  .     b - +1 cloak
rCorr  .         Reflect  .     G - +1 pair of gloves
SustAt .         Harm     .     O - +2 naga barding {Fly}
MR     +++..                    s - amulet of faith
Stlth  ++........               a - ring of protection from fire
                                h - +5 ring of dexterity

@: heroism, finesse, very slow, extremely resistant to hostile enchantments,
unstealthy
A: horns 1, repulsion field 1, icy blue scales 1, see invisible, agile 1, clever
1, deformed body, deterioration 1, frail 1, poison resistance, screaming 1,
slowness 2, slow metabolism 1, spit poison 2, weak 1, constrict 1, AC +5
a: Spit Poison, Heroism, Finesse, Renounce Religion, Evoke Flight


You were on level 2 of the Swamp.
You worshipped Okawaru.
Okawaru was extremely pleased with you.
You were not hungry.

You visited 5 branches of the dungeon, and saw 26 of its levels.
You also visited: Sewer and Wizlab.

You collected 2649 gold pieces.
You spent 1473 gold pieces at shops.

Inventory:

Hand Weapons
 T - a +5 demon blade of flaming (weapon)
Missiles
 d - 4 throwing nets (quivered)
Armour
 b - a +1 cloak (worn)
 G - a +1 pair of gloves (worn)
 J - the cursed +1 chain mail "Higig" (worn) {*Contam rC+++ Dex+4 SInv}
   (You bought it in a shop on level 2 of the Orcish Mines)

   It affects your dexterity (+4).
   It renders you almost immune to cold.
   It lets you see invisible.
   It causes magical contamination when unequipped.
   It has a curse placed upon it.
 O - a +2 naga barding of flying (worn)
 X - a +2 naga barding of fire resistance
 Y - a +2 hat of magic resistance (worn)
 Z - a +1 shield of protection (worn)
Jewellery
 a - a ring of protection from fire (right hand)
 e - an uncursed ring of resist corrosion
 h - a +5 ring of dexterity (left hand)
 p - an uncursed ring of protection from magic
 s - an amulet of faith (around neck)
 N - an uncursed ring of ice
Wands
 c - a wand of flame (15/48)
 o - a wand of disintegration (6/24)
 u - a wand of polymorph (11/24)
 A - a wand of paralysis (9/24)
 V - a wand of digging (0/24)
Scrolls
 l - 5 scrolls of recharging
 m - 3 scrolls of amnesia
 y - 14 scrolls of identify
 C - 4 scrolls of magic mapping
 F - 8 scrolls of remove curse
 K - a scroll of fog
 Q - a scroll of fear
 S - 7 scrolls of teleportation
 W - 2 scrolls of blinking
Potions
 k - 6 potions of magic
 n - a potion of cancellation
 t - 3 potions of flight
 v - 4 potions of brilliance
 z - 7 potions of curing
 B - a potion of haste
 D - a potion of ambrosia
 H - 3 potions of might
 I - a potion of invisibility
 U - a potion of cure mutation
Comestibles
 f - 8 bread rations
 g - 12 royal jellies
 i - 3 beef jerkies
 w - 47 fruits
 E - 4 meat rations
 P - 12 slices of pizza


   Skills:
 + Level 10.4(15.4) Fighting
 * Level 14.8(19.8) Long Blades
 - Level 1.7(6.7) Throwing
 * Level 11.2(16.2) Armour
 + Level 10.2(15.2) Dodging
 - Level 3.5(8.5) Stealth
 + Level 7.0(12.0) Shields
 * Level 14.1 Invocations


You had 15 spell levels left.
You didn't know any spells.

Dungeon Overview and Level Annotations

Branches:
Dungeon (13/15)            Temple (0/1) D:7            Lair (8/8) D:11
  Swamp (2/4) Lair:4        Snake (0/4) Lair:5        Slime (0/6) Lair:7
    Orc (2/2) D:12            Elf (1/3) Orc:2        Vaults (0/5) D:13

Altars:
Ashenzari
Cheibriados
Okawaru
Vehumet
Xom
Yredelemnul
The Shining One
Beogh

Shops:
D:5 !   D:7 *   D:11 (   Orc:2 ([*}

Annotations:
D:10 1 exclusion
Swamp:2 exclusion: Roxanne, Roxanne


Innate Abilities, Weirdness & Mutations

You cannot wear boots.
Your serpentine skin is tough (AC +5).
You have supernaturally acute eyesight.
Armour fits poorly on your strangely shaped body.
Your system is resistant to poisons.
You cover ground very slowly.
You have a slow metabolism.
You can spit poison.
You can use your snake-like lower body to constrict enemies.
You have a pair of small horns on your head.
You are surrounded by a mild repulsion field (EV +2).
You are partially covered in icy blue scales (AC +1).
You are agile. (Dex +2)
Your mind is acute. (Int +2)
Your body sometimes deteriorates upon taking damage.
You are frail (-10% HP).
You occasionally shout uncontrollably at your foes.
You are weak. (Str -2)


Message History

You constrict Roxanne, but do no damage.
Roxanne mumbles some strange words.
The bolt of magma hits you! You partially resist.
The tree smolders and burns.
An alligator comes into view.
You gain the combat prowess of a mighty hero.
You feel slightly more hungry.
You constrict Roxanne.
Roxanne mumbles some strange words.
The bolt of magma hits you!
The alligator puts on a burst of speed!
You can now deal lightning-fast blows.
You feel somewhat more hungry.
You constrict Roxanne!
Roxanne mumbles some strange words.
The crystal spear hits you!
* * * LOW HITPOINT WARNING * * *
Your body deteriorates!
You feel clumsy.
You hit Roxanne but do no damage. You headbutt Roxanne.
Roxanne is almost destroyed.
You constrict Roxanne.
Roxanne mumbles some strange words.
The bolt of magma hits you! You partially resist.
You die...

♣...≈.♣..≈≈.
≈≈.≈.≈≈≈≈≈.
♣≈≈≈≈t..≈≈≈
♣..≈≈≈≈≈..≈
♣§..≈≈≈≈≈..
♣≈..≈≈≈..≈≈
♣♣♣.≈≈≈≈≈♣ ♣....♣♣
♣.8@.≈♣ ♣....(♣♣
♣♣≈...≈♣♣
♣♣..≈>≈.♣ .♣
♣♣.≈≈.≈≈.♣♣♣ ≈§.♣
♣.≈≈.♣≈≈...♣♣♣≈≈.♣
♣♣....≈≈≈.≈..♣.≈.♣
♣..≈≈.?≈..≈≈...≈.♣
♣.≈.≈♣.§.≈≈≈.≈≈≈.♣


You could see Roxanne and an alligator.

Vanquished Creatures
  Frances (Swamp:1)
  An orc warlord (Orc:2)
  A stone giant (Orc:2)
  3 very ugly things (WizLab)
  A dire elephant (Lair:8)
  A fire dragon (D:13)
  9 hydras
  An ice dragon (D:12)
  3 catoblepae
  Erica (Orc:1)
  3 centaur warriors
  3 alligators
  10 death yaks
  A deep troll shaman (Lair:8)
  2 deep elf knights
  Nergalle (Lair:2)
  A skeletal warrior (D:13)
  2 fire crabs (Lair:8)
  2 wizards (D:10)
  A shambling mangrove (Swamp:2)
  5 orc knights
  An orc sorcerer (Orc:1)
  5 deep elf magi
  2 manticores (D:13)
  11 ugly things
  2 hornets (Swamp:2)
  2 griffons
  15 elephants
  2 cyclopes (D:11)
  6 centaur zombies
  A black mamba (Lair:1)
  A torpor snail (Lair:6)
  A gargoyle (D:11)
  18 spiny frogs
  2 kobold demonologists
  4 rime drakes
  An efreet (D:12)
  8 komodo dragons
  2 elves (WizLab)
  9 trolls
  A queen bee (D:9)
  Grinder (D:5)
  4 polar bears
  10 slime creatures
  20 blink frogs
  2 two-headed ogres
  2 bog bodies
  Sigmund (D:3)
  2 shadows
  A tarantella (shapeshifter) (D:12)
  2 humans (WizLab)
  A water elemental (D:11)
  A wraith (D:12)
  61 yaks
  4 wyverns
  Grum (D:9)
  A hungry ghost (D:7)
  A basilisk (Lair:3)
  10 vampire mosquitoes
  A steam dragon (D:12)
  10 hippogriffs
  7 wargs
  11 swamp worms
  5 insubstantial wisps (Swamp:1)
  2 soldier ants (D:12)
  A mottled dragon (D:13)
  11 porcupines
  27 water moccasins
  6 swamp drakes
  32 orc warriors
  2 wasps
  3 phantoms
  4 ice beasts
  5 sky beasts
  8 black bears
  5 necrophages
  18 ogres
  12 crocodiles
  26 wolves
  6 centaurs
  10 big kobolds
  17 giant frogs
  A gnoll sergeant (D:9)
  A wyvern zombie (D:13)
  2 wyvern skeletons
  6 small abominations (WizLab)
  A water moccasin skeleton (D:7)
  4 scorpions
  32 killer bees
  20 wights
  4 electric eels
  5 howler monkeys
  7 crimson imps
  2 quasits
  11 hounds
  2 giant frog zombies
  5 jellies
  28 orc priests
  6 giant frog skeletons
  Ijyb (D:3)
  7 centaur skeletons
  6 iguanas
  Terence (D:3)
  20 orc wizards
  15 worker ants
  54 sheep
  A killer bee zombie (D:10)
  3 hound zombies
  4 mummies (D:12)
  A howler monkey zombie (D:7)
  2 worker ant zombies
  Robin (D:3)
  25 adders
  4 gnolls (D:9)
  26 river rats
  2 shadow imps
  3 oozes (Lair:7)
  An adder skeleton (D:4)
  An adder zombie (D:7)
  4 worms
  4 dart slugs
  9 giant geckos
  105 orcs
  8 bats
  12 giant cockroaches
  14 goblins
  13 hobgoblins
  26 jackals
  23 kobolds
  6 quokkas
  7 ball pythons
  A giant gecko zombie (D:9)
  5 giant newts
  A quokka zombie (D:5)
  17 rats
  A fungus (Lair:2)
  5 plants
1077 creatures vanquished.

Vanquished Creatures (others)
  A boggart (D:10)
  7 bushes (Lair:8)
  14 fungi
  9 plants
  A withered plant (D:12)
32 creatures vanquished.

Grand Total: 1109 creatures vanquished

Notes
Turn   | Place    | Note
--------------------------------------------------------------
     0 | D:1      | epen the Naga Gladiator began the quest for the Orb.
     0 | D:1      | Reached XP level 1. HP: 19/19 MP: 1/1
   423 | D:1      | Reached XP level 2. HP: 26/26 MP: 2/2
   765 | D:1      | Reached skill level 1 in Stealth
   860 | D:1      | Reached XP level 3. HP: 27/32 MP: 3/3
  1564 | D:2      | Found a snail-covered altar of Cheibriados.
  2246 | D:2      | Reached XP level 4. HP: 39/39 MP: 4/4
  2415 | D:3      | Noticed Terence
  2417 | D:3      | Noticed Ijyb
  2425 | D:3      | Killed Terence
  2453 | D:3      | Killed Ijyb
  2453 | D:3      | Reached XP level 5. HP: 30/45 MP: 5/5
  2582 | D:3      | Noticed Robin
  2686 | D:3      | Killed Robin
  3040 | D:3      | Noticed an orc warrior
  3061 | D:3      | Killed an orc warrior
  3061 | D:3      | Reached skill level 5 in Long Blades
  3061 | D:3      | Reached XP level 6. HP: 19/52 MP: 6/6
  3068 | D:3      | Reached skill level 1 in Shields
  3545 | D:3      | Noticed Sigmund
  3554 | D:3      | Killed Sigmund
  3554 | D:3      | Reached XP level 7. HP: 61/61 MP: 7/7
  3906 | D:4      | Found a shattered altar of Ashenzari.
  3906 | D:4      | Found an iron altar of Okawaru.
  3911 | D:4      | Found a shimmering altar of Xom.
  4073 | D:4      | Became a worshipper of Warmaster Okawaru
  4823 | D:4      | Reached skill level 5 in Dodging
  4823 | D:4      | Reached XP level 8. HP: 61/69 MP: 8/8
  4870 | D:4      | Found a glowing golden altar of the Shining One.
  5396 | D:5      | Entered Level 5 of the Dungeon
  5480 | D:5      | Gained mutation: You have a pair of small antennae on your head. [potion of mutation]
  5480 | D:5      | Gained mutation: Your spells are a little easier to cast, but a little less powerful. [potion of mutation]
  5480 | D:5      | Gained mutation: You are dopey. (Int -2) [potion of mutation]
  5561 | D:5      | Lost mutation: You are dopey. (Int -2) [potion of cure mutation]
  5561 | D:5      | Lost mutation: Your spells are a little easier to cast, but a little less powerful. [potion of cure mutation]
  5561 | D:5      | Lost mutation: You have a pair of small antennae on your head. [potion of cure mutation]
  5583 | D:5      | Noticed Grinder
  5602 | D:5      | Killed Grinder
  5602 | D:5      | Reached * piety under Okawaru
  5778 | D:5      | Found a glowing drain.
  5797 | Sewer    | Entered a sewer
  6615 | D:5      | HP: 2/72 [hound (3)]
  6621 | D:5      | HP: 2/72 [worker ant (2)]
  6663 | D:5      | HP: 1/72 [killer bee (4)]
  7061 | D:5      | Found Ydiul's Distillery.
  7068 | D:5      | Bought a potion of curing for 36 gold pieces
  7068 | D:5      | Bought a potion of haste for 120 gold pieces
  7068 | D:5      | Bought 2 potions of curing for 72 gold pieces
  7223 | D:5      | Found a glowing golden altar of the Shining One.
  7271 | D:5      | Reached XP level 9. HP: 78/78 MP: 9/9
  7374 | D:6      | Reached ** piety under Okawaru
  7374 | D:6      | Reached skill level 1 in Invocations
  7388 | D:6      | Reached skill level 1 in Armour
  8579 | D:7      | Found Biodid's Assorted Antiques.
  8626 | D:7      | Found a staircase to the Ecumenical Temple.
  9283 | D:7      | Reached *** piety under Okawaru
 10014 | D:8      | Gained mutation: You expend magic power (3 MP) to strengthen your wands. [mutagenic meat]
 10015 | D:8      | Gained mutation: Your tail ends in a poisonous barb. [mutagenic meat]
 10363 | D:8      | Reached XP level 10. HP: 22/87 MP: 10/13
 10789 | D:8      | Reached skill level 5 in Fighting
 11004 | D:8      | Reached skill level 5 in Invocations
 11300 | D:9      | Noticed Grum
 11481 | D:9      | Reached **** piety under Okawaru
 11510 | D:9      | Received a gift from Okawaru
 12717 | D:9      | Reached XP level 11. HP: 70/97 MP: 14/16
 12802 | D:9      | Reached ***** piety under Okawaru
 12987 | D:9      | Noticed a two-headed hydra
 12995 | D:9      | Killed a one-headed hydra
 12995 | D:9      | Reached skill level 5 in Armour
 13126 | D:9      | Found a basalt altar of Yredelemnul.
 13162 | D:9      | Killed Grum
 13653 | D:10     | Entered Level 10 of the Dungeon
 14134 | D:10     | Received a gift from Okawaru
 14964 | D:10     | Noticed a wizard
 14965 | D:10     | Noticed a purple ugly thing
 14995 | D:10     | Killed a purple ugly thing
 14995 | D:10     | Reached skill level 10 in Long Blades
 15003 | D:10     | Killed a wizard
 15011 | D:10     | Gained mutation: Potions and wands are less effective at restoring your health. [mutagenic meat]
 15014 | D:10     | Gained mutation: You are clumsy. (Dex -2) [mutagenic meat]
 15031 | D:10     | Lost mutation: Your tail ends in a poisonous barb. [potion of cure mutation]
 15031 | D:10     | Lost mutation: You are clumsy. (Dex -2) [potion of cure mutation]
 15031 | D:10     | Lost mutation: You expend magic power (3 MP) to strengthen your wands. [potion of cure mutation]
 15031 | D:10     | Lost mutation: Potions and wands are less effective at restoring your health. [potion of cure mutation]
 15080 | D:10     | Noticed an unseen horror
 15086 | D:10     | Noticed a wizard
 15094 | D:10     | Noticed a hill giant
 15105 | D:10     | Noticed a wizard
 15136 | D:10     | Killed a wizard
 16692 | D:11     | Gained mutation: You are agile. (Dex +2) [mutagenic meat]
 16693 | D:11     | Gained mutation: You are partially covered in icy blue scales (AC +1). [mutagenic meat]
 16694 | D:11     | Lost mutation: You are agile. (Dex +2) [mutagenic meat]
 16695 | D:11     | Gained mutation: You are frail (-10% HP). [mutagenic meat]
 16696 | D:11     | Gained mutation: Your body sometimes deteriorates upon taking damage. [mutagenic meat]
 16697 | D:11     | Gained mutation: You are agile. (Dex +2) [mutagenic meat]
 16741 | D:11     | Found Ablur's Antique Weapon Boutique.
 17264 | D:11     | Reached XP level 12. HP: 36/98 MP: 18/18
 17739 | D:11     | Found a radiant altar of Vehumet.
 17881 | D:11     | Found a staircase to the Lair.
 17892 | Lair:1   | Entered Level 1 of the Lair of Beasts
 18871 | Lair:1   | Noticed a six-headed hydra
 18883 | Lair:1   | Received a gift from Okawaru
 18911 | Lair:1   | Killed a one-headed hydra
 20008 | Lair:1   | Reached skill level 10 in Invocations
 20199 | Lair:1   | Gained mutation: Your body often deteriorates upon taking damage. [potion of mutation]
 20199 | Lair:1   | Gained mutation: Your flesh is cold resistant. [potion of mutation]
 20614 | Lair:2   | Noticed Nergalle
 20623 | Lair:3   | Noticed an eight-headed hydra
 20635 | Lair:3   | Received a gift from Okawaru
 20648 | Lair:3   | Killed a one-headed hydra
 20958 | Lair:2   | Gained mutation: You can use your snake-like lower body to constrict enemies. [Naga growth]
 20958 | Lair:2   | Reached XP level 13. HP: 105/105 MP: 20/20
 21169 | Lair:2   | Killed Nergalle
 21692 | Lair:3   | Received a gift from Okawaru
 23014 | Lair:4   | Found a staircase to the Swamp.
 23866 | Lair:5   | Reached ****** piety under Okawaru
 23871 | Lair:5   | Received a gift from Okawaru
 24141 | Lair:5   | Found a staircase to the Snake Pit.
 24538 | Lair:6   | Reached XP level 14. HP: 78/114 MP: 15/22
 24932 | Lair:6   | Received a gift from Okawaru
 24932 | Lair:6   | Reached skill level 5 in Shields
 25622 | Lair:7   | Found a staircase to the Slime Pits.
 26165 | Lair:7   | Received a gift from Okawaru
 26616 | Lair:8   | Entered Level 8 of the Lair of Beasts
 26905 | Lair:8   | Noticed a dire elephant
 26945 | Lair:8   | Killed a dire elephant
 27876 | Lair:8   | Reached XP level 15. HP: 116/121 MP: 24/24
 28046 | Lair:8   | Received a gift from Okawaru
 28047 | Lair:8   | Got a scorched naga barding {god gift}
 28059 | Lair:8   | Identified the +0 naga barding of Gravity {Dex+3 Stlth+} (Okawaru gifted it to you on level 8 of the Lair of Beasts)
 28352 | Lair:8   | Gained mutation: You are very agile. (Dex +4) [potion of mutation]
 28352 | Lair:8   | Lost mutation: Your flesh is cold resistant. [potion of mutation]
 29042 | D:11     | Gained mutation: You occasionally shout uncontrollably at your foes. [mutagenic meat]
 29043 | D:11     | Lost mutation: You are very agile. (Dex +4) [mutagenic meat]
 29044 | D:11     | Lost mutation: Your body often deteriorates upon taking damage. [mutagenic meat]
 29045 | D:11     | Gained mutation: You can exhale a cloud of poison. [mutagenic meat]
 29263 | D:11     | Reached skill level 10 in Armour
 29673 | D:12     | Noticed a tengu reaver
 31063 | D:12     | Found a staircase to the Orcish Mines.
 31502 | D:13     | Received a gift from Okawaru
 32055 | Orc:1    | Entered Level 1 of the Orcish Mines
 32298 | Orc:1    | Noticed Erica
 32308 | Orc:1    | Killed Erica
 32518 | Orc:2    | Entered Level 2 of the Orcish Mines
 32685 | Orc:2    | Found a roughly hewn altar of Beogh.
 32727 | Orc:2    | Found a roughly hewn altar of Beogh.
 32727 | Orc:2    | Found Kahuv's Gadget Emporium.
 32854 | Orc:2    | Found a roughly hewn altar of Beogh.
 32958 | Orc:2    | Found a staircase to the Elven Halls.
 32967 | Orc:2    | Found a roughly hewn altar of Beogh.
 32968 | Orc:2    | Found Diawn's General Store.
 32994 | Orc:2    | Bought a +1 shield of protection for 247 gold pieces
 33063 | Orc:2    | Found a roughly hewn altar of Beogh.
 33279 | Orc:2    | Found a roughly hewn altar of Beogh.
 33707 | Orc:2    | Noticed an orc warlord
 33730 | Orc:2    | Killed an orc warlord
 33749 | Orc:2    | Found Lollol's Antique Weapon Emporium.
 33750 | Orc:2    | Found a roughly hewn altar of Beogh.
 33753 | Orc:2    | Found Geuphous's Antique Armour Shoppe.
 33770 | Orc:2    | Bought a pair of embroidered gloves for 166 gold pieces
 33904 | Orc:2    | Bought the cursed +1 chain mail "Higig" {*Contam rC+++ Dex+4 SInv} for 832 gold pieces
 33927 | Orc:2    | Reached XP level 16. HP: 130/130 MP: 26/26
 34285 | Elf:1    | Entered Level 1 of the Elven Halls
 34322 | Elf:1    | Found a magical portal.
 34348 | WizLab   | Entered Cigotuvi's Fleshworks
 34370 | WizLab   | Reached skill level 10 in Dodging
 34407 | WizLab   | Reached skill level 10 in Fighting
 34422 | WizLab   | Gained mutation: You are weak. (Str -2) [mutagenic meat]
 34429 | WizLab   | Lost mutation: You can exhale a cloud of poison. [mutagenic meat]
 34435 | WizLab   | Gained mutation: Your mind is acute. (Int +2) [mutagenic meat]
 34548 | WizLab   | Gained mutation: You have a pair of small horns on your head. [mutagenic meat]
 34551 | WizLab   | Gained mutation: You are surrounded by a mild repulsion field (EV +2). [mutagenic meat]
 34567 | WizLab   | Received a gift from Okawaru
 35645 | D:13     | Found a gate to the Vaults.
 35908 | Swamp:1  | Entered Level 1 of the Swamp
 36103 | Swamp:1  | Noticed Frances
 36115 | Swamp:1  | Killed Frances
 36876 | Swamp:2  | Noticed Roxanne
 36892 | Swamp:2  | Received a gift from Okawaru
 37132 | Swamp:2  | Killed from afar by Roxanne

Vault maps used:
D:1:      minmay_arrival_shattered_statue
D:2:      first_bread, kennysheep_slug_shrine
D:3:      uniq_iyjb, uniq_robin, uniq_terence, uniq_sigmund
D:4:      grunt_temple_overflow_open, tso_metal_star, minmay_goblin_outpost
D:5:      gup_sewer_entry_pipe, basic_altar, serial_shops, shop, uniq_grinder
D:6:      minmay_fountain_box
D:7:      minmay_temple_entry_mist, serial_shops,
          nicolae_shop_overgrown_old_shop, serial_glass, glass_columns_b,
          glass_columns_a, glass_columns_a, glass_columns_a,
          hangedman_decor_push
D:9:      basic_altar, hangedman_ranch, hex_large, uniq_grum
D:10:     minmay_smoke_and_mirrors, serial_bayou, serial_bayou_shore_b,
          serial_bayou_shore_a, serial_bayou_pond_c, serial_bayou_lagoon_a,
          dk_rats_in_the_wall
D:11:     david_lair_shrubbed, serial_shops, shop, basic_altar, lightli_minifort
D:12:     minmay_textured_paths, serial_undead, serial_undead_c,
          serial_undead_d, serial_undead_f, serial_undead_c, serial_undead_a,
          serial_undead_c, serial_undead_d, serial_undead_d, serial_undead_f,
          serial_undead_f
D:13:     hangedman_vaults_entry_quadrant_bands
Lair:2:   lemuel_fruit_fields, infiniplex_staircase_pool_2, uniq_nergalle
Lair:3:   beast_lair_carwin_large_1, serial_forest,
          infiniplex_forest_lined_3_way, infiniplex_forest_lined_room_3,
          infiniplex_forest_lined_room_, infiniplex_forest_clump_long,
          infiniplex_forest_lined_room_3, infiniplex_forest_straight_4,
          infiniplex_forest_end_3, infiniplex_forest_fountain
Lair:4:   nicolae_swamp_entry_splash_gauntlet
Lair:5:   lemuel_reptile_caves, guppyfry_snake_entry_garden
Lair:6:   grunt_megastairs_2
Lair:7:   nicolae_slime_entry_slimehenge, grunt_forest_stairs_basic,
          lemuel_fruit_tree
Lair:8:   grunt_lair_end_beastmaster
Swamp:1:  evilmike_swamp_ruin_house_2, swamp_pool4, uniq_frances
Swamp:2:  hangedman_swamp_cone, swamp_pool1, infiniplex_staircase_pool,
          uniq_roxanne
Orc:1:    uniq_erica
Orc:2:    grunt_orc_community_town_hall, grunt_orc_community_big_house_1,
          grunt_orc_community_big_house_1, grunt_orc_community_house_3,
          grunt_orc_community_house_3, grunt_orc_community_house_1,
          grunt_orc_community_house_3, grunt_orc_community_house_3,
          grunt_orc_community_house_2
Elf:1:    lightli_enter_wizlab_magi_temple, minmay_elf_demonology, uniq_louise
Sewer:    sewer_co_scattered_pipes
WizLab:   wizlab_cigotuvi

Skill      XL: |  1  2  3  4  5  6  7  8  9 10 11 12 13 14 15 16 |
---------------+-------------------------------------------------+-----
Stealth        | 1 2 3 |  3.5
Long Blades    | 4 5 6 7 8 9 10 11 12 13 14 | 14.8
Dodging        | 3 4 5 6 7 8 9 10 | 10.2
Shields        | 1 2 3 4 5 6 7 |  7.0
Fighting       | 3 4 6 7 8 9 10 | 10.4
Invocations    | 4 6 8 10 11 12 13 14 | 14.1
Armour         | 2 4 6 7 8 9 10 11 | 11.2
Throwing       | |  1.7

Action                   |  1- 3 |  4- 6 |  7- 9 | 10-12 | 13-15 | 16-18 || total
-------------------------+-------+-------+-------+-------+-------+-------++-------
Melee: Dagger            |   119 |   154 |   879 |  1587 |       |       ||  2739
       Long sword        |     5 |       |       |       |       |       ||     5
       Unarmed           |       |    13 |       |       |       |       ||    13
       Tailslap          |       |       |     3 |   129 |       |       ||   132
       Falchion          |       |       |       |    32 |       |       ||    32
       Demon blade       |       |       |       |   184 |  1572 |   391 ||  2147
       Constrict         |       |       |       |       |   306 |    71 ||   377
       Headbutt          |       |       |       |       |       |   109 ||   109
Invok: Heroism           |       |       |     4 |    18 |    10 |     2 ||    34
       Finesse           |       |       |       |     7 |     7 |     1 ||    15
 Abil: Spit Poison       |       |     6 |     1 |    17 |       |       ||    24
Evoke: Wand              |       |       |       |       |       |     6 ||     6
  Use: Scroll            |       |    11 |    16 |     6 |     8 |     3 ||    44
       Potion            |       |     2 |    11 |    11 |     2 |     1 ||    27
 Stab: Sleeping          |     2 |     2 |    12 |    16 |    14 |       ||    46
       Distracted        |       |       |       |       |     5 |       ||     5
       Petrified         |       |       |       |       |     3 |       ||     3
       Petrifying        |       |       |       |       |     2 |       ||     2
  Eat: Chunk             |     2 |     5 |    22 |    29 |    26 |    10 ||    94
       Bread ration      |       |       |     2 |       |       |     2 ||     4
       Pizza             |       |       |     1 |       |       |       ||     1
       Royal jelly       |       |       |       |     2 |       |     1 ||     3
       Meat ration       |       |       |       |     2 |     3 |       ||     5
Armor: Leather armour    |    32 |     4 |       |       |       |       ||    36
       Steam dragon armo |       |    41 |   196 |   359 |   212 |       ||   808
       Skin              |       |     3 |       |       |       |       ||     3
       Chain mail        |       |       |   125 |       |     1 |    92 ||   218
       Scale mail        |       |       |       |       |   290 |       ||   290
Dodge: Dodged            |    67 |    79 |   336 |   646 |   625 |    82 ||  1835
Block: Buckler           |       |     9 |   212 |   375 |   429 |       ||  1025
       Shield            |       |       |       |       |    47 |   155 ||   202
